 Dungeon Crawl Stone Soup version 0.20.0-8-g6b59dc7 (webtiles) character file.

104704 Chiseanne the Eclecticist (level 15, -3/90 HPs)
             Began as a Demonspawn Wizard on June 1, 2017.
             Was the Champion of Vehumet.
             Slain by a naga
             ... wielding a +0 dire flail
              (8 damage)
             ... while paralysed
             ... on level 4 of the Snake Pit.
             The game lasted 01:50:13 (30787 turns).

Chiseanne the Eclecticist (Demonspawn Wizard)      Turns: 30787, Time: 01:50:14

Health: -3/90      AC: 15    Str: 14    XL:     15   Next: 92%
Magic:  0/43       EV: -1    Int: 40    God:    Vehumet [******]
Gold:   987        SH:  0    Dex: 12    Spells: 8/44 levels left

rFire    + . .     SeeInvis .   a - +3 dagger of Defiance {drain, *Rage rN+ Int+8}
rCold    + + .     Gourm    .   m - +1 shield
rNeg     + . .     Faith    .   E - +2 robe {rC+ rF+}
rPois    +         Spirit   +   W - +0 helmet
rElec    .         Reflect  +   (no cloak)
rCorr    .         Harm     .   f - +0 pair of gloves
MR       +....     Rnd*Rage +   (boots unavailable)
Stlth    ++........             C - +5 amulet of reflection
Regen    0.3/turn               V - ring "Iqual" {*Corrode rPois MP+9 Str+4 Int+3}
MPRegen  0.6/turn               t - +6 ring of evasion

@: paralysed, lethally poisoned (-3 -> -7), berserk cooldown, slowed,
constricted
A: talons 3, clever 2, cold resistance 1, deformed body, icemail, strong 1,
magic shield, magic regeneration, magic link, freezing cloud immunity, sturdy
frame 1
a: Renounce Religion


You were on level 4 of the Snake Pit.
You worshipped Vehumet.
Vehumet was exalted by your worship.
You were not hungry.

You visited 5 branches of the dungeon, and saw 24 of its levels.
You also visited: Labyrinth and Ossuary.

You collected 2319 gold pieces.
You spent 1332 gold pieces at shops.

Inventory:

Hand Weapons
 a - the +3 dagger of Defiance (weapon) {drain, *Rage rN+ Int+8}
   (You found it on level 7 of the Dungeon)

   A truly terrible weapon, it drains the life of those it strikes.
   It affects your intelligence (+8).
   It protects you from negative energy.
   It may make you go berserk in combat.
 s - a +3 short sword of protection
 w - a +10 blowgun
Missiles
 n - 6 curare-tipped needles (quivered)
 R - a throwing net
Armour
 f - a +0 pair of gloves (worn)
 l - +0 gold dragon scales
 m - a +1 shield (worn)
 E - a +2 robe of resistance (worn)
 N - a +1 troll leather armour {Snorg}
 W - a +0 helmet (worn)
Magical Staves
 A - an uncursed staff of air
Jewellery
 r - a cursed amulet of inaccuracy {unknown}
 t - a +6 ring of evasion (right hand)
 C - a +5 amulet of reflection (around neck)
 V - the ring "Iqual" (left hand) {*Corrode rPois MP+9 Str+4 Int+3}
   (You bought it in a shop on level 2 of the Orcish Mines)

   [ring of magical power]

   It affects your strength (+4).
   It affects your intelligence (+3).
   It protects you from poison.
   It affects your magic capacity (+9).
   It may corrode you when you take damage.
 Y - an uncursed ring of flight
Wands
 S - a wand of digging (13/24)
Scrolls
 b - 3 scrolls of identify
 g - 8 scrolls of remove curse
 v - 2 scrolls of enchant weapon
 y - 5 scrolls of fog
 z - a scroll of immolation
 B - 3 scrolls of blinking
 I - 6 scrolls of teleportation
 M - 2 scrolls of amnesia
 O - a scroll of magic mapping
 T - 3 scrolls of recharging
Potions
 e - a potion of curing
 h - 3 potions of ambrosia
 j - 3 potions of mutation
 o - a potion of magic
 q - 3 potions of flight
 u - 3 potions of might
 x - 2 potions of haste
 F - 2 potions of brilliance
 H - a potion of lignification
 J - 3 potions of agility
 K - 3 potions of heal wounds
 L - a potion of resistance
Books
 G - a book of the Earth

   Spells                             Type                      Level
   a - Leda's Liquefaction            Hexes/Earth                  4
   b - Bolt of Magma                  Conjuration/Fire/Earth       5
   c - Statue Form                    Transmutation/Earth          6
   d - Iron Shot                      Conjuration/Earth            6
   e - Shatter                        Earth                        9
 Q - a book of the Tempests

   Spells                             Type                      Level
   a - Static Discharge               Conjuration/Air              3
   b - Lightning Bolt                 Conjuration/Air              5
   c - Ignition                       Fire                         8
   d - Tornado                        Air                          9
   e - Shatter                        Earth                        9
Miscellaneous
 k - a box of beasts
Comestibles
 c - 15 royal jellies
 d - 14 bread rations
 i - 6 meat rations


   Skills:
 - Level 12.2 Dodging
 - Level 1.7 Stealth
 - Level 11.1 Shields
 * Level 15.2 Spellcasting
 - Level 13.7 Conjurations
   Level 1.0 Summonings
 - Level 0.8 Translocations
 * Level 8.0 Fire Magic
 - Level 4.0 Ice Magic
 - Level 4.0 Air Magic
 - Level 4.6 Poison Magic


You had 8 spell levels left.
You knew the following spells:

 Your Spells              Type           Power        Failure   Level  Hunger
a - Magic Dart            Conj           ####         0%          1    None
b - Stone Arrow           Conj/Erth      ######       1%          3    None
c - Freezing Cloud        Conj/Ice/Air   ######....   3%          6    None
d - Bolt of Fire          Conj/Fire      #######...   1%          6    None
e - Poison Arrow          Conj/Pois      #######...   1%          6    None
f - Dazzling Spray        Conj/Hex       ######       1%          3    None
g - Blink                 Tloc           N/A          1%          2    None
h - Mephitic Cloud        Conj/Pois/Air  ######..     1%          3    None
i - Conjure Flame         Conj/Fire      #######.     1%          3    None
j - Ozocubu's Armour      Chrm/Ice       #####...     2%          3    None


Dungeon Overview and Level Annotations

Branches:
Dungeon (11/15)            Temple (1/1) D:5            Lair (6/6) D:10
 Shoals (0/4) Lair:2        Snake (4/4) Lair:2        Slime (0/5) Lair:6
    Orc (2/2) D:11            Elf (0/3) Orc:2

Altars:
Ashenzari
Dithmenos
Fedhas
Gozag
Hepliaklqana
Kikubaaqudgha
Makhleb
Okawaru
Qazlal
Ru
Sif Muna
Trog
Uskayaw
Vehumet
Xom
Yredelemnul
Zin
The Shining One
Beogh
Jiyva

Shops:
D:6 %   Orc:1 =   Orc:2 [:}*

Annotations:
D:3 raetorn's ghost, amateur MiGl
Orc:2 exclusion: 2 upstairs


Innate Abilities, Weirdness & Mutations

You have claws for feet.
Your flesh is cold resistant. (rC+)
A meltable icy envelope protects you from harm. (AC +10)
When hurt, damage is shared between your health and your magic reserves.
You regenerate magic rapidly.
When low on magic, you restore magic in place of health.
You are immune to freezing clouds.
Your movements are slightly less encumbered by armour. (ER -2)
Your mind is very acute. (Int +4)
Armour fits poorly on your strangely shaped body.
Your muscles are strong. (Str +2)


Message History

You feel yourself slow down.
You feel sick.
The naga sharpshooter mumbles some strange words.
The naga sharpshooter magically shoots a bolt.
The bolt hits you.
The guardian serpent weaves intricate patterns with the tip of its tongue.
The naga sharpshooter blinks!
The naga blinks! x2
You feel sick.
The naga sharpshooter shoots a bolt.
The bolt hits you!!
* * * LOW HITPOINT WARNING * * *
The naga hits you with a dire flail!
* * * LOW HITPOINT WARNING * * *
The naga grabs you.
* * * LOW HITPOINT WARNING * * *
The naga constricts you. The naga spits poison at you.
Helpless, you fail to dodge the splash of poison.
You resist.
You feel sick.
The naga sharpshooter shoots a bolt.
The bolt hits you.
* * * LOW HITPOINT WARNING * * *
The naga hits you with a dire flail!
You die...

####...###..#
#####...........
............... #####
...........#.. ....#
...... #...#(## .....#
.....##.).#(.##.....#
.......(....(..#...##
#..##N##.............##
#N@N.S#.......#....
#####.§[...........
###)÷..#.......
#<)..##....# #
#)..###..##
...##...)...####
#..........#...
#####.........)
#######([.......


You could see a naga sharpshooter, a guardian serpent and 2 nagas.

Vanquished Creatures
  3 nagarajas (Snake:4)
  Aizul (Snake:2)
  A minotaur (Lab)
  Snorg (D:11)
  Erolcha (Orc:2)
  Harold (D:10)
  7 naga warriors
  4 hydras
  8 anacondas
  3 two-headed ogres
  3 naga sharpshooters
  3 death yaks (Lair:4)
  Urug (D:11)
  7 orc high priests
  3 shock serpents
  2 salamander mystics
  5 sea snakes (Snake:4)
  An unseen horror (D:10)
  A deep elf archer (Orc:2)
  4 oklob plants (Lair:6)
  The ghost of Lexie the Archer, a novice CeHu (D:6)
  4 mana vipers
  6 salamanders
  2 manticores
  8 elephants
  2 guardian serpents (Snake:4)
  16 black mambas
  7 naga magi
  Psyche (D:9)
  13 spiny frogs
  5 rime drakes
  8 komodo dragons
  The ghost of 2d6 the Sneak, a novice OpEn of Gozag (D:5)
  5 trolls
  6 polar bears
  6 hornets (Lair:6)
  A dream sheep (Lair:6)
  25 blink frogs
  15 hippogriffs
  42 yaks
  12 spriggans (Lair:6)
  2 wyverns (D:9)
  Eustachio (D:4)
  4 fire bats (Lair:3)
  6 basilisks
  A hungry ghost (D:11)
  A fire elemental (Lair:4)
  24 nagas
  9 wargs
  15 water moccasins
  14 porcupines
  16 orc warriors
  3 sky beasts
  4 black bears
  5 ice beasts
  2 phantoms (D:11)
  A necrophage (D:5)
  32 wolves
  4 boggarts (Lair:6)
  7 ogres
  14 crocodiles
  5 centaurs
  2 big kobolds
  An elf zombie (Ossuary)
  16 bullfrogs
  A gnoll sergeant (D:8)
  7 scorpions
  A water moccasin skeleton (D:5)
  6 killer bees (D:7)
  A wight (D:9)
  3 howler monkeys (D:7)
  An electric eel (Lair:6)
  A lava snake (Lair:4)
  A bullfrog zombie (D:7)
  2 centaur zombies
  9 crimson imps
  3 hounds
  A human zombie (Ossuary)
  7 jellies
  39 orc priests
  A gnoll shaman (D:6)
  4 bullfrog skeletons
  2 centaur skeletons
  Ijyb (D:5)
  9 iguanas
  15 orc wizards
  8 worker ants
  A hound skeleton (D:7)
  2 mummies (Ossuary)
  2 worker ant zombies
  11 gnolls
  11 adders
  4 shadow imps
  6 oozes
  2 adder zombies
  3 adder skeletons
  3 worms (D:2)
  2 dart slugs (D:1)
  10 leopard geckos
  92 orcs
  4 giant cockroaches
  5 hobgoblins
  20 jackals
  18 kobolds
  5 quokkas
  8 bats
  10 frilled lizards
  7 goblins
  2 goblin zombies (Ossuary)
  10 hobgoblin zombies (Ossuary)
  A jackal skeleton (D:4)
  3 jackal zombies (Ossuary)
  9 kobold zombies (Ossuary)
  A leopard gecko skeleton (D:7)
  8 orc zombies (Ossuary)
  9 rats
  2 rat zombies (Ossuary)
  2 bushes
  2 fungi
  8 plants
841 creatures vanquished.

Vanquished Creatures (others)
  Nessos (Lair:4)
  A naga sharpshooter (Snake:3)
  2 salamanders
  A scorpion (D:6)
  An orc wizard (D:7)
  A bush (Lair:6)
  18 fungi
  14 plants
39 creatures vanquished.

Grand Total: 880 creatures vanquished

Notes
Turn   | Place    | Note
-------+----------+-------------------------------------------
     0 | D:1      | Chiseanne the Demonspawn Wizard began the quest for the Orb.
     0 | D:1      | Reached XP level 1. HP: 13/13 MP: 4/4
   190 | D:1      | Gained mutation: Your movements are slightly less encumbered by armour. (ER -2) [demonic ancestry]
   190 | D:1      | Reached XP level 2. HP: 12/19 MP: 1/6
  1097 | D:2      | Gained mutation: When hurt, damage is shared between your health and your magic reserves. [demonic ancestry]
  1097 | D:2      | Reached XP level 3. HP: 24/24 MP: 2/7
  1155 | D:1      | Learned a level 2 spell: Blink
  1159 | D:1      | Learned a level 3 spell: Conjure Flame
  1416 | D:2      | Found a shadowy altar of Dithmenos.
  2309 | D:2      | Learned a level 3 spell: Mephitic Cloud
  2933 | D:2      | Reached XP level 4. HP: 21/30 MP: 4/9
  3815 | D:3      | Noticed raetorn's ghost (amateur MiGl)
  4015 | D:3      | Reached skill level 4 in Spellcasting
  4556 | D:4      | Gained mutation: You have sharp toenails. [demonic ancestry]
  4556 | D:4      | Reached XP level 5. HP: 35/35 MP: 3/11
  4958 | D:4      | Noticed an angel
  4959 | D:4      | Found a glowing silver altar of Zin.
  4960 | D:4      | Found a shimmering altar of Xom.
  5340 | D:5      | Entered Level 5 of the Dungeon
  5483 | D:5      | Noticed Eustachio
  5655 | D:4      | Killed Eustachio
  5655 | D:4      | Reached skill level 5 in Spellcasting
  5655 | D:4      | Reached XP level 6. HP: 39/41 MP: 4/13
  5863 | D:5      | Noticed an ice beast
  5899 | D:5      | Killed an ice beast
  5899 | D:5      | Reached skill level 5 in Conjurations
  5927 | D:5      | Gained mutation: Your flesh is cold resistant. (rC+) [demonic ancestry]
  5927 | D:5      | Reached XP level 7. HP: 15/44 MP: 3/15
  6012 | D:5      | Noticed 2d6's ghost (novice OpEn)
  6098 | D:5      | Paralysed by an orc for 7 turns
  6343 | D:5      | Noticed Ijyb
  6362 | D:5      | Killed Ijyb
  6390 | D:5      | Reached skill level 6 in Spellcasting
  6530 | D:5      | Found a hide-covered altar of Uskayaw.
  6967 | D:5      | Found a staircase to the Ecumenical Temple.
  7025 | D:5      | Reached XP level 8. HP: 50/50 MP: 14/17
  7095 | Temple   | Entered the Ecumenical Temple
  7164 | Temple   | Became a worshipper of Vehumet
  7348 | D:5      | Gained mutation: Your mind is acute. (Int +2) [potion of mutation]
  7348 | D:5      | Gained mutation: Armour fits poorly on your strangely shaped body. [potion of mutation]
  7348 | D:5      | Gained mutation: Your mind is very acute. (Int +4) [potion of mutation]
  7348 | D:5      | Gained mutation: Your muscles are strong. (Str +2) [potion of mutation]
  7355 | D:5      | Killed 2d6's ghost
  7355 | D:5      | Reached skill level 7 in Spellcasting
  7824 | D:6      | Noticed Lexie's ghost (novice CeHu)
  8199 | D:6      | Found a burning altar of Makhleb.
  8251 | D:6      | Found Yhaa's Food Shoppe.
  8525 | D:6      | Reached skill level 8 in Spellcasting
  8766 | D:6      | Gained mutation: You regenerate magic rapidly. [demonic ancestry]
  8766 | D:6      | Reached XP level 9. HP: 55/55 MP: 15/21
  9148 | D:7      | Reached * piety under Vehumet
  9148 | D:7      | Offered knowledge of Sandblast by Vehumet.
  9343 | D:7      | Found a deep blue altar of Sif Muna.
  9472 | D:7      | Found a hide-covered altar of Uskayaw.
  9642 | D:7      | Reached skill level 9 in Spellcasting
 10216 | D:6      | Killed Lexie's ghost
 10762 | D:7      | Got a scorched dagger
 10763 | D:7      | Identified the cursed +3 dagger of Defiance {drain, *Rage rN+ Int+8} (You found it on level 7 of the Dungeon)
 10784 | D:7      | Reached skill level 10 in Conjurations
 10972 | D:7      | Offered knowledge of Freeze by Vehumet.
 11021 | D:7      | Found a sacrificial altar of Ru.
 11138 | D:7      | Reached ** piety under Vehumet
 11327 | D:7      | Found an ancient bone altar of Kikubaaqudgha.
 11333 | D:7      | Found an opulent altar of Gozag.
 11333 | D:7      | Found a burning altar of Makhleb.
 11450 | D:8      | Gained mutation: You are immune to freezing clouds. [demonic ancestry]
 11450 | D:8      | Reached XP level 10. HP: 60/61 MP: 13/23
 11846 | D:8      | Found a sand-covered staircase.
 11852 | Ossuary  | Entered an ossuary
 12001 | Ossuary  | Offered knowledge of Static Discharge by Vehumet.
 12052 | Ossuary  | Reached skill level 10 in Spellcasting
 12060 | Ossuary  | Reached *** piety under Vehumet
 12401 | D:8      | Found a basalt altar of Yredelemnul.
 12943 | D:9      | Offered knowledge of Stone Arrow by Vehumet.
 12952 | D:8      | Learned a level 3 spell: Stone Arrow
 12986 | D:9      | Reached skill level 1 in Shields
 13258 | D:9      | Found a shattered altar of Ashenzari.
 13262 | D:9      | Saw a vision of the Shoals and the Snake Pit.
 13262 | D:9      | Noticed an anaconda
 13262 | D:9      | Noticed a nagaraja
 13262 | D:9      | Noticed a black mamba
 13262 | D:9      | Noticed a merfolk siren
 13262 | D:9      | Noticed a black mamba
 13262 | D:9      | Noticed a sea snake
 13262 | D:9      | Noticed a merfolk siren
 13264 | D:9      | Noticed a naga sharpshooter
 13301 | D:9      | Noticed Psyche
 13317 | D:9      | Killed Psyche
 13631 | D:9      | Reached **** piety under Vehumet
 13877 | D:9      | Offered knowledge of Dazzling Spray by Vehumet.
 13935 | D:9      | Learned a level 3 spell: Dazzling Spray
 14006 | D:9      | Found a glowing golden altar of the Shining One.
 14007 | D:9      | Found a bloodstained altar of Trog.
 14125 | D:10     | Entered Level 10 of the Dungeon
 14399 | D:10     | Found a staircase to the Lair.
 14429 | D:10     | Killed an unseen horror
 14429 | D:10     | Gained mutation: When low on magic, you restore magic in place of health. [demonic ancestry]
 14429 | D:10     | Reached XP level 11. HP: 64/68 MP: 6/25
 14547 | D:10     | Noticed Harold
 14551 | D:10     | Reached skill level 11 in Spellcasting
 14616 | D:10     | Killed Harold
 15255 | D:11     | Noticed a two-headed ogre
 15264 | D:11     | Killed a two-headed ogre
 15264 | D:11     | Reached skill level 5 in Shields
 15544 | D:11     | Found a blossoming altar of Fedhas.
 15580 | D:11     | Reached ***** piety under Vehumet
 15590 | D:11     | Offered knowledge of Poison Arrow by Vehumet.
 15601 | D:11     | Learned a level 6 spell: Poison Arrow
 15756 | D:11     | Reached skill level 1 in Poison Magic
 15798 | D:11     | Noticed Urug
 15798 | D:11     | Noticed a seven-headed hydra
 16077 | D:11     | Killed Urug
 16151 | D:11     | Killed a seven-headed hydra
 16306 | D:11     | Noticed Snorg
 16324 | D:11     | Found a staircase to the Orcish Mines.
 16335 | D:11     | Killed Snorg
 16920 | D:11     | Gained mutation: You have razor-sharp toenails. [demonic ancestry]
 16920 | D:11     | Reached XP level 12. HP: 68/74 MP: 5/27
 17561 | Orc:1    | Entered Level 1 of the Orcish Mines
 17647 | Orc:2    | Entered Level 2 of the Orcish Mines
 17656 | Orc:2    | Noticed Erolcha
 17662 | Orc:2    | Killed Erolcha
 17662 | Orc:2    | Reached skill level 12 in Spellcasting
 17898 | Orc:2    | Noticed an orc high priest
 17923 | Orc:2    | Noticed an orc high priest
 18180 | Orc:1    | Killed an orc high priest
 18410 | Orc:2    | Killed an orc high priest
 18470 | Orc:2    | Noticed an orc high priest
 18478 | Orc:2    | Killed an orc high priest
 18523 | Orc:2    | Noticed a two-headed ogre
 18529 | Orc:2    | Killed a two-headed ogre
 18887 | Orc:2    | Found a roughly hewn altar of Beogh.
 18898 | Orc:2    | Found Xiess's Antique Armour Boutique.
 18898 | Orc:2    | Found Huiq's Book Emporium.
 19084 | Orc:2    | Noticed an orc high priest
 19088 | Orc:2    | Killed an orc high priest
 19163 | Orc:2    | Noticed an orc high priest
 19170 | Orc:2    | Killed an orc high priest
 19210 | Orc:2    | Noticed an orc high priest
 19213 | Orc:2    | Noticed an orc high priest
 19220 | Orc:2    | Killed an orc high priest
 19223 | Orc:2    | Noticed a two-headed ogre
 19224 | Orc:2    | Killed an orc high priest
 19241 | Orc:2    | Killed a two-headed ogre
 19485 | Orc:2    | Found Takliupn's Gadget Boutique.
 19485 | Orc:2    | Found Ythric's Assorted Antiques.
 19499 | Orc:2    | Bought a scintillating silver ring for 105 gold pieces
 19499 | Orc:2    | Bought a scroll labeled QILUWA EDIFUOCVEM for 21 gold pieces
 19499 | Orc:2    | Bought a scroll of identify for 42 gold pieces
 19501 | Orc:2    | Identified the ring "Iqual" {*Corrode rPois MP+9 Str+4 Int+3} (You bought it in a shop on level 2 of the Orcish Mines)
 19527 | Orc:2    | Bought a transparent scale mail for 189 gold pieces
 19538 | Orc:2    | Identified the cursed +1 scale mail of the Wasteland {rF+ Dex+3} (You bought it in a shop on level 2 of the Orcish Mines)
 19705 | Orc:2    | Found a staircase to the Elven Halls.
 20457 | Orc:1    | Found Korystom's Jewellery Shoppe.
 20475 | Orc:1    | Found a roughly hewn altar of Beogh.
 21038 | Lair:1   | Entered Level 1 of the Lair of Beasts
 21263 | Lair:1   | Gained mutation: You have claws for feet. [demonic ancestry]
 21263 | Lair:1   | Reached XP level 13. HP: 79/79 MP: 29/29
 21789 | Lair:2   | Offered knowledge of Bolt of Fire by Vehumet.
 21797 | Lair:2   | Learned a level 6 spell: Bolt of Fire
 22384 | Orc:2    | Bought a book of Ice for 975 gold pieces
 22392 | Orc:2    | Learned a level 6 spell: Freezing Cloud
 22541 | Lair:2   | Found a staircase to the Snake Pit.
 22616 | Lair:2   | Reached skill level 1 in Ice Magic
 22616 | Lair:2   | Reached skill level 1 in Air Magic
 22657 | Lair:2   | Found a staircase to the Shoals.
 23047 | Lair:3   | Reached skill level 13 in Spellcasting
 24327 | Lair:4   | Reached skill level 5 in Dodging
 24428 | Lair:4   | Noticed Nessos
 24436 | Lair:4   | Killed Nessos
 24805 | Lair:4   | Reached ****** piety under Vehumet
 25536 | Lair:5   | Gained mutation: A meltable icy envelope protects you from harm. (AC +10) [demonic ancestry]
 25536 | Lair:5   | Reached XP level 14. HP: 85/85 MP: 31/31
 25672 | Lair:5   | Offered knowledge of Iron Shot by Vehumet.
 25890 | Lair:5   | Reached skill level 10 in Dodging
 26206 | Lair:6   | Entered Level 6 of the Lair of Beasts
 26227 | Lair:6   | Found a staircase to the Slime Pits.
 26228 | Lair:6   | Found a viscous altar of Jiyva.
 26241 | Lair:6   | Found a labyrinth entrance.
 26259 | Lab      | Entered a labyrinth
 26510 | Lab      | Got a shimmering plate armour
 26531 | Lab      | Identified the cursed +1 plate armour of Gravity {-Tele rElec rCorr SInv} (You found it in a labyrinth)
 27291 | Lair:6   | Reached skill level 10 in Shields
 27713 | Lair:6   | Offered knowledge of Venom Bolt by Vehumet.
 28366 | Lair:6   | Reached skill level 1 in Fire Magic
 28776 | Snake:1  | Entered Level 1 of the Snake Pit
 28963 | Snake:1  | Reached XP level 15. HP: 90/90 MP: 23/32
 28964 | Snake:1  | You fall through a shaft!
 29163 | Snake:2  | Learned a level 3 spell: Ozocubu's Armour
 29231 | Snake:2  | Noticed Aizul
 29242 | Snake:2  | Killed Aizul
 29443 | Snake:4  | Entered Level 4 of the Snake Pit
 29550 | Snake:3  | Reached skill level 14 in Spellcasting
 29772 | Snake:4  | Reached skill level 5 in Fire Magic
 29773 | Snake:4  | Noticed a nagaraja
 29963 | Snake:4  | Killed a nagaraja
 30182 | Snake:4  | Noticed a nagaraja
 30192 | Snake:4  | Offered knowledge of Conjure Ball Lightning by Vehumet.
 30192 | Snake:4  | Killed a nagaraja
 30686 | Snake:4  | Reached skill level 15 in Spellcasting
 30692 | Snake:4  | Noticed a nagaraja
 30700 | Snake:4  | Killed a nagaraja
 30787 | Snake:4  | Slain by a naga

Skill      XL: |  1  2  3  4  5  6  7  8  9 10 11 12 13 14 15 |
---------------+----------------------------------------------+-----
Conjurations   | 2 3 4 5 6 8 10 11 12 13 | 13.7
Spellcasting   | 4 5 6 8 9 10 11 12 13 15 | 15.2
Shields        | 4 6 8 11 | 11.1
Poison Magic   | 3 4 |  4.6
Ice Magic      | 4 |  4.0
Air Magic      | 4 |  4.0
Dodging        | 9 12 | 12.2
Fire Magic     | 3 8 |  8.0
Stealth        | |  1.7
Summonings     | |  1.0
Translocations | |  0.8

Action                   |  1- 3 |  4- 6 |  7- 9 | 10-12 | 13-15 || total
-------------------------+-------+-------+-------+-------+-------++-------
Melee: Dagger            |    99 |    17 |     3 |    38 |    16 ||   173
       Unarmed           |     5 |       |       |       |       ||     5
       Kick              |       |     8 |    27 |    19 |     4 ||    58
       Rapier            |       |    50 |    88 |       |       ||   138
       Short sword       |       |       |    28 |    32 |       ||    60
 Cast: Magic Dart        |   128 |   118 |   448 |   674 |    80 ||  1448
       Mephitic Cloud    |     3 |     3 |    23 |    56 |     2 ||    87
       Conjure Flame     |       |     1 |    13 |    16 |       ||    30
       Blink             |       |       |     3 |     1 |     3 ||     7
       Dazzling Spray    |       |       |       |    50 |     3 ||    53
       Stone Arrow       |       |       |       |   280 |   366 ||   646
       Poison Arrow      |       |       |       |     3 |     4 ||     7
       Freezing Cloud    |       |       |       |       |   247 ||   247
       Bolt of Fire      |       |       |       |       |    15 ||    15
       Ozocubu's Armour  |       |       |       |       |     1 ||     1
Evoke: Wand              |       |       |     1 |    13 |     1 ||    15
       Box of beasts     |       |       |       |       |     1 ||     1
  Use: Scroll            |     4 |     6 |     4 |    14 |     6 ||    34
       Potion            |       |     1 |     1 |     1 |     4 ||     7
 Stab: Confused          |       |     2 |     5 |     6 |       ||    13
       Sleeping          |       |     1 |       |     3 |       ||     4
       Paralysed         |       |       |     5 |     2 |       ||     7
       Distracted        |       |       |     1 |       |       ||     1
  Eat: Chunk             |     6 |    10 |    16 |    29 |    22 ||    83
       Fruit             |       |       |     1 |       |    13 ||    14
       Royal jelly       |       |       |       |     1 |     1 ||     2
Armor: Robe              |    33 |     6 |    42 |    87 |    46 ||   214
       Leather armour    |       |    13 |    80 |       |       ||    93
       Skin              |       |    17 |       |       |       ||    17
Dodge: Dodged            |   107 |    39 |   150 |   132 |   123 ||   551
Block: Other             |       |     9 |    42 |     8 |       ||    59
       Reflection        |       |       |     1 |    14 |    39 ||    54
       Shield            |       |       |       |   146 |   190 ||   336
